 Dungeon Crawl Stone Soup version 0.27-a0-1555-g0e7b3fb1d2 (webtiles) character file.

Game seed: 3732702054233355855

149 blackman the Chopper (level 5, -1/41 HPs)
             Began as a Human Wanderer on July 14, 2021.
             Slain by an orc (3 damage)
             ... on level 3 of the Dungeon.
             The game lasted 00:05:16 (4229 turns).

blackman the Chopper (Human Wanderer)               Turns: 4229, Time: 00:05:16

Health: -1/41      AC:  7    Str: 14    XL:     5   Next: 56%
Magic:  5/5        EV: 11    Int: 13    God:
Gold:   78         SH:  0    Dex: 11    Spells: 4/4 levels left

rFire    . . .     SeeInvis .   f - +0 hand axe
rCold    . . .     Faith    .   (no shield)
rNeg     . . .     Spirit   .   c - +0 robe
rPois    .         Reflect  .   d - +0 helmet
rElec    .         Harm     .   (no cloak)
rCorr    .         Rampage  .   (no gloves)
Will     .....                  (no boots)
Stlth    ++........             (no amulet)
HPRegen  0.13/turn              g - +4 ring of protection
MPRegen  0.09/turn              (no ring)

@: no status effects
A: no striking features
a: no special abilities


You were on level 3 of the Dungeon.
You visited 1 branch of the dungeon, and saw 3 of its levels.

You collected 78 gold pieces.

Inventory:

Hand Weapons
 a - a +2 dagger
 f - a +0 hand axe (weapon)
Armour
 c - a +0 robe (worn)
 d - a +0 helmet (worn)
Jewellery
 g - a +4 ring of protection (left hand)
Scrolls
 h - a scroll of blinking
 i - a scroll of silence {unknown}
Potions
 b - a potion of resistance {unknown}
 e - a potion of degeneration {unknown}


   Skills:
 - Level 3.0 Fighting
 * Level 5.3 Axes
 - Level 3.0 Armour
 - Level 2.0 Stealth


You had 4 spell levels left.
You didn't know any spells.
Your spell library contained the following spells:

 Spells                   Type           Power      Damage    Failure   Level
 Passwall                 Tmut/Erth      0%         N/A       43%         2
 Wereblood                Tmut           0%         N/A       43%         2


Dungeon Overview and Level Annotations

Branches:
Dungeon (3/15)

Altars:
Trog

Shops:
D:1 ?

Annotations:
D:2 Terence


Message History

You hit the orc wizard. The goblin hits you but does no damage.
The orc wizard barely misses you.
You hit the goblin.
You kill the goblin!
You closely miss the orc wizard.
The orc wizard casts a spell.
The orc wizard flickers and vanishes!
Deactivating autopickup; reactivate with Ctrl-A.
Something hits you but does no damage. Something hits you but does no damage.
The orc misses you.
You miss something. Something hits you.
You miss something. You hit the kobold. Something hits you but does no damage.
The kobold misses you.
You hit something. You hit the kobold but do no damage.
The kobold barely misses you.
You barely miss the orc. You hit the kobold.
You kill the kobold!
You hit something. Something hits you.
You closely miss the orc. x2; You miss something.
The orc hits you with a +0 club. Something hits you but does no damage.
The orc hits you but does no damage. The orc hits you with a +0 club.
You hit the orc.
The orc is lightly wounded.
You hit the orc but do no damage. You closely miss something.
You hear some strange, mumbled words.
A magic dart appears from out of thin air!
The magic dart hits you.
* * * LOW HITPOINT WARNING * * *
The orc hits you with a +0 club.
* * * LOW HITPOINT WARNING * * *
The orc hits you but does no damage.
You completely miss the orc. You barely miss something.
You barely miss the orc. Something hits you.
* * * LOW HITPOINT WARNING * * *
The orc hits you but does no damage. The orc hits you with a +0 club.
* * * LOW HITPOINT WARNING * * *
You completely miss the orc. You closely miss something.
You closely miss the orc. Something hits you but does no damage.
The orc hits you with a +0 club.
You die...

.....# #.#..#
#.#..## #.#... #
#.#..# ### #. #.#..#
#.# ####..###.#o.###
#.# ......))..ro@.>#
#.# #####..##.##{.##
#.# ##. #.##..## #.#
...#.##...#####.###
#..................#
..........######.###
.......#..........#
.###...#.#.######.#
#.# #.#.#### #.#


You could see 2 orcs and a rat.

Vanquished Creatures
  An orc wizard (D:3)
  3 gnolls
  3 adders
  A worm (D:2)
  4 dart slugs
  3 orcs (D:3)
  2 bats (D:1)
  3 endoplasms (D:1)
  3 giant cockroaches
  3 goblins
  6 hobgoblins
  3 jackals (D:1)
  5 kobolds
  4 quokkas
  4 ball pythons
  4 frilled lizards
  2 rats (D:1)
54 creatures vanquished.

Notes
Turn   | Place    | Note
-------+----------+-------------------------------------------
     0 | D:1      | blackman the Human Wanderer began the quest for the Orb.
     0 | D:1      | blackman set off with the following items: a +2 dagger, a
                  | potion of heal wounds, a +0 robe; and the following spells
                  | available to memorise: Passwall, Wereblood
     0 | D:1      | Reached XP level 1. HP: 18/18 MP: 1/1
    21 | D:1      | Found Sociuz's Magic Scroll Shoppe.
   243 | D:1      | Reached XP level 2. HP: 20/24 MP: 2/2
   286 | D:1      | Reached skill level 3 in Axes
   811 | D:1      | Reached XP level 3. HP: 24/29 MP: 3/3
  1559 | D:1      | Reached skill level 4 in Axes
  1559 | D:1      | Reached XP level 4. HP: 18/35 MP: 4/4
  2018 | D:2      | Found a bloodstained altar of Trog.
  2020 | D:2      | Noticed Terence
  3429 | D:2      | Reached XP level 5. HP: 23/41 MP: 5/5
  4117 | D:3      | Reached skill level 5 in Axes
  4228 | D:3      | HP: 2/41 [orc (3)]
  4229 | D:3      | Slain by an orc

Illustrated notes

Levels and vault maps discovered:
D:1:      matt_arrival_diagonals, layout_loops_ring, serial_shops, shop,
          st_stairs_2, chequers_serial_rivers_small_3, dk_noncrumbling_2,
          minmay_quantized
D:2:      layout_loops_ring, basic_altar, uniq_terence
D:3:      layout_basic, mainiacjoe_overflow_alcove_1,
          shapermc_ecumenical_altar_acropolis

Skill      XL: |  1  2  3  4  5 |
---------------+----------------+-----
Axes           | 3 4 5 |  5.3
Fighting       | |  3.0
Armour         | |  3.0
Stealth        | |  2.0

Action                   |  1- 3 |  4- 6 || total
-------------------------+-------+-------++-------
Melee: Dagger            |    43 |       ||    43
       Hand axe          |    53 |   128 ||   181
  Use: Scroll            |     1 |       ||     1
       Potion            |       |     1 ||     1
 Stab: Sleeping          |     1 |     1 ||     2
Armor: Robe              |    38 |    45 ||    83
Dodge: Dodged            |    80 |    63 ||   143

Table legend: (Time is in decaauts)
 A = Elapsed time spent in this place.
 B = Non-inter-level travel time spent in this place.
 C = Inter-level travel time spent in this place.
 D = Time resting spent in this place.
 E = Time spent auto-exploring this place.
 F = Levels seen in this place.
 G = Mean time per level.
                   A        B        C        D        E       F      G
               +--------+--------+--------+--------+--------+-----+--------+
         Total |   4249 |   3977 |    272 |   2098 |   1295 |   3 | 1416.3 |
       Dungeon |   4249 |   3977 |    272 |   2098 |   1295 |   3 | 1416.3 |
               +--------+--------+--------+--------+--------+-----+--------+

Top non-repeatable levels by time:
     D:1: 2625 daAuts
     D:2: 1488 daAuts
     D:3: 135 daAuts
